 Dungeon Crawl Stone Soup version 0.19-a0-1851-g3228ea0 (webtiles) character file.

1003 tyvek the Grappler (level 8, -10/59 HPs)
             Began as a Yellow Draconian Transmuter on Oct 10, 2016.
             Was an Initiate of Cheibriados.
             Mangled by a shadow (15 damage)
             ... on level 7 of the Dungeon.
             The game lasted 00:15:12 (5588 turns).

tyvek the Grappler (Yellow Draconian Transmuter)    Turns: 5588, Time: 00:15:12

Health: -10/59     AC: 10    Str: 17    XL:     8   Next: 0%
Magic:  7/11       EV: 12    Int: 20    God:    Cheibriados [......]
Gold:   278        SH:  0    Dex: 14    Spells: 3 memorised, 4 levels left

rFire  . . .     SeeInvis .       - Unarmed
rCold  . . .     Gourm    .     (armour unavailable)
rNeg   . . .     Faith    .     (no shield)
rPois  .         Spirit   .     f - +1 hat
rElec  .         Dismiss  .     k - +1 cloak
rCorr  +         Reflect  .     m - +0 pair of gloves
MR     .....     Harm     .     (no boots)
Stlth  +.........               (no amulet)
                                S - +2 ring of strength
                                I - +6 ring of intelligence

@: very slow
A: spit acid, acid resistance, unfitting armour, cold-blooded, AC +6
a: Spit Acid, Bend Time, Renounce Religion


You were on level 7 of the Dungeon.
You worshipped Cheibriados.
Cheibriados was noncommittal.
You were hungry.

You visited 2 branches of the dungeon, and saw 8 of its levels.

You collected 278 gold pieces.


Innate Abilities, Weirdness & Mutations

You can spit globs of acid.
You are resistant to acid.
Your golden yellow scales are hard. (AC +6)
You cannot fit into any form of body armour.
You are cold-blooded and may be slowed by cold attacks.


   Skills:
 - Level 1.1 Fighting
 - Level 1.7 Dodging
 - Level 8.0 Unarmed Combat
 * Level 2.2 Spellcasting
 + Level 5.6 Transmutations
 + Level 0.8 Ice Magic


You had 4 spell levels left.
You knew the following spells:

 Your Spells              Type           Power        Failure   Level  Hunger
c - Ice Form              Ice/Tmut       ###.....     45%         4    #####..
t - Sticks to Snakes      Tmut           ###.....     2%          2    ##.....
z - Beastly Appendage     Tmut           ###...       1%          1    #......

Inventory:

Missiles
 a - 97 arrows
Armour
 f - a +1 hat (worn)
 k - a +1 cloak (worn)
 m - a +0 pair of gloves (worn)
Jewellery
 I - a +6 ring of intelligence (left hand)
 S - a +2 ring of strength (right hand)
Wands
 l - a wand of confusion (29/48)
 s - a wand of polymorph (8/24)
 y - a wand of iceblast (8/15)
 E - a wand of lightning (5/15)
 F - a wand of confusion (21/48)
Scrolls
 h - a scroll of blinking {unknown}
 i - a scroll of enchant weapon
 n - 3 scrolls of remove curse {@r2}
 q - 2 scrolls of enchant armour
 r - 2 scrolls of teleportation {@r4}
 v - a scroll of recharging {unknown}
 w - a scroll of amnesia {unknown}
 H - a scroll of fog
Potions
 d - 2 potions of lignification {unknown}
 e - a potion of ambrosia
 g - a potion of mutation {!q}
 o - 3 potions of might {unknown}
 p - 2 potions of cancellation {unknown}
 u - a potion of resistance
 x - a potion of cure mutation {unknown}
 z - 2 potions of curing {unknown}
 A - a potion of invisibility {unknown}
 C - 3 potions of agility {unknown}
Books
 b - a book of Changes

   Spells                             Type                      Level
   a - Beastly Appendage              Transmutation                1
   b - Sticks to Snakes               Transmutation                2
   c - Spider Form                    Transmutation/Poison         3
   d - Ice Form                       Ice/Transmutation            4
   e - Blade Hands                    Transmutation                5
Comestibles
 c - 5 bread rations {@e1}
 j - 5 meat rations {@e1}
 t - 3 beef jerkies {@e2}
 B - a slice of pizza {@e2}
 D - a royal jelly {@e3}
 G - 2 fruits {@e2}

Dungeon Overview and Level Annotations

Branches:
Dungeon (7/15)             Temple (1/1) D:7

Altars:
Ashenzari
Cheibriados
Elyvilon
Fedhas
Hepliaklqana
Makhleb
Okawaru
Qazlal
Ru
Sif Muna
Trog
Uskayaw
Vehumet
Xom
Zin
The Shining One

#.########## #.# #.#
###.#### #......#
#########. #.#.##.#
#............
#.#.##.###.......# ..
#.#..............##.. .
#.####@##........##.#..
#.####.##...<....##.##.
#................##.##.
##.#####...............
#.#####..###.##.#.#.#.
#.##.....# #.##.#.#.#.
#.##.##.## #.##.......
#.##.##.####.##.#...#.
#.........##.##.#...#.


There were no monsters in sight!


Message History

Reactivating autopickup.
Casting: Beastly Appendage
Confirm with . or Enter, or press ? or * to list all spells.
You create a snake!
You now have 100 arrows.
The shadow hits you!
* * * LOW HITPOINT WARNING * * *
Your ball python bites the shadow but does no damage.
The shadow barely misses your ball python.
Your ball python bites the shadow.
Your talons disappear.
The shadow hits your ball python!
Your ball python dies!
Casting: Sticks to Snakes
Confirm with . or Enter, or press ? or * to list all spells.
You create 2 snakes!
You now have 98 arrows.
The shadow hits your ball python!
Your ball python dies!
You have got your breath back.
Your adder completely misses the shadow.
Something hits your adder!
Your adder barely misses the shadow.
Your adder bites the shadow.
The shadow hits your adder.
Your adder dies!
Casting: Sticks to Snakes
Confirm with . or Enter, or press ? or * to list all spells.
You create a snake!
You now have 97 arrows.
The shadow slips into darkness.
The shadow flickers and vanishes!
Deactivating autopickup; reactivate with Ctrl-A.
The shadow strikes at your ball python from the darkness!
Your ball python dies!
The shadow strikes at you from the darkness!
You die...

Skill      XL: |  1  2  3  4  5  6  7 |
---------------+----------------------+-----
Unarmed Combat | 4 6 8 |  8.0
Transmutations | 3 4 5 |  5.6
Fighting       | |  1.1
Dodging        | |  1.7
Spellcasting   | |  2.2
Ice Magic      | |  0.8

Action                   |  1- 3 |  4- 6 |  7- 9 || total
-------------------------+-------+-------+-------++-------
Melee: Unarmed           |   119 |   200 |   101 ||   420
       Headbutt          |     6 |    26 |     5 ||    37
       Tailslap          |    16 |    21 |    16 ||    53
       Kick              |    13 |     8 |     8 ||    29
       Punch             |       |     7 |     5 ||    12
 Cast: Beastly Appendage |    17 |    23 |     9 ||    49
       Sticks to Snakes  |       |     5 |     5 ||    10
 Abil: Spit Acid         |       |       |     5 ||     5
  Use: Scroll            |       |     8 |       ||     8
 Stab: Sleeping          |     2 |     1 |       ||     3
  Eat: Chunk             |     1 |     6 |     3 ||    10
       Pizza             |       |     1 |       ||     1
       Meat ration       |       |     1 |       ||     1
Armor: Skin              |    37 |    59 |    32 ||   128
Dodge: Dodged            |    94 |    94 |    53 ||   241

Vault maps used:
D:1:      dpeg_chamrin_arrival_tetris
D:2:      serial_forest, infiniplex_forest_corner_1,
          infiniplex_forest_clump_double, infiniplex_forest_side_room,
          infiniplex_forest_lined_3, infiniplex_forest_pool,
          infiniplex_forest_clump_long
D:3:      kennysheep_decorative_pillar
D:4:      hangedman_decor_peaks_small, uniq_natasha
D:5:      amethyst_overflow_temple_binary, serial_column_ruins,
          column_ruins_open_tiny, column_ruins_open_tiny,
          column_ruins_open_tiny, column_ruins_columns_corner,
          column_ruins_open_tiny, column_ruins_open_small,
          column_ruins_columns_straight, first_bread
D:6:      eat_drink_and_be_merry_uskayaw, nicolae_overflow_hidden_temple,
          trog_three_pillars_becter
D:7:      grunt_temple_overflow_opulence, lemuel_mausoleum_altar_kikubaaqudgha,
          serial_shops, shop_statue, uniq_prince_ribbit1
Temple:   minmay_temple_bridge_abc

Notes
Turn   | Place    | Note
-------+----------+-------------------------------------------
     0 | D:1      | tyvek the Draconian Transmuter began the quest for the Orb.
     0 | D:1      | Reached XP level 1. HP: 16/16 MP: 3/3
   128 | D:1      | Reached XP level 2. HP: 23/23 MP: 3/5
   449 | D:1      | Learned a level 2 spell: Sticks to Snakes
   742 | D:2      | Reached XP level 3. HP: 28/28 MP: 4/6
   758 | D:2      | Reached skill level 4 in Unarmed Combat
  1344 | D:3      | Reached skill level 3 in Transmutations
  1344 | D:3      | Reached XP level 4. HP: 20/35 MP: 7/7
  2439 | D:4      | Reached XP level 5. HP: 38/40 MP: 6/8
  2503 | D:4      | Reached skill level 5 in Unarmed Combat
  2956 | D:4      | Noticed Natasha
  2974 | D:4      | Killed Natasha
  3241 | D:5      | Entered Level 5 of the Dungeon
  3271 | D:5      | Noticed an ogre
  3301 | D:5      | Killed an ogre
  3301 | D:5      | Reached skill level 6 in Unarmed Combat
  3301 | D:5      | Reached skill level 4 in Transmutations
  3301 | D:5      | Reached XP level 6. HP: 16/47 MP: 2/9
  4277 | D:5      | Your scales start taking on a golden yellow colour.
  4277 | D:5      | Reached XP level 7. HP: 42/52 MP: 8/10
  4536 | D:5      | Reached skill level 7 in Unarmed Combat
  4584 | D:5      | Reached skill level 5 in Transmutations
  4614 | D:5      | Found a stormy altar of Qazlal.
  4625 | D:5      | Found an iron altar of Okawaru.
  4990 | D:6      | Found a radiant altar of Vehumet.
  5060 | D:6      | Learned a level 4 spell: Ice Form
  5128 | D:6      | Found a bloodstained altar of Trog.
  5201 | D:6      | Found a hide-covered altar of Uskayaw.
  5249 | D:6      | Reached skill level 8 in Unarmed Combat
  5466 | D:7      | Found a staircase to the Ecumenical Temple.
  5474 | Temple   | Entered the Ecumenical Temple
  5502 | Temple   | Became a worshipper of Cheibriados the Contemplative
  5539 | D:7      | Reached XP level 8. HP: 59/59 MP: 11/11
  5572 | D:7      | HP: 1/59 [shadow (7)]
  5588 | D:7      | Mangled by a shadow

Vanquished Creatures
  2 bullfrogs
  2 scorpions
  3 bullfrog zombies
  3 crimson imps
  2 hounds
  A bullfrog skeleton (D:6)
  An orc priest (D:6)
  A centaur skeleton (D:4)
  2 iguanas
  2 worker ants
  A worker ant zombie (D:5)
  A howler monkey zombie (D:6)
  An adder (D:2)
  A howler monkey skeleton (D:5)
  3 shadow imps
  2 oozes
  4 worms
  A dart slug (D:2)
  4 leopard geckos
  18 orcs
  3 giant cockroaches
  5 goblins
  3 hobgoblins
  16 jackals
  6 kobolds
  6 quokkas
  4 bats
  5 frilled lizards
  6 rats
109 creatures vanquished.

Vanquished Creatures (collateral kills)
  2 ogres (D:5)
  Natasha (D:4)
3 creatures vanquished.

Grand Total: 112 creatures vanquished
